 Dungeon Crawl Stone Soup version 0.32-a0-928-g1cae6b7ea0 (webtiles) character file.

Game seed: 2981448661045661692

95 Rennog the Insei (level 4, -1/33 HPs)
             Began as a Djinni Shapeshifter on Apr 12, 2024.
             Slain by a hobgoblin (4 damage)
             ... on level 3 of the Dungeon.
             The game lasted 00:04:03 (2415 turns).

Rennog the Insei (Djinni Shapeshifter)              Turns: 2415, Time: 00:04:08

Health: -1/33      AC:  2    Str: 13    XL:     4   Next: 95%
Gold:   160        EV: 11    Int: 18    God:
                   SH:  0    Dex: 14

rFire   + +          .
                       - Unarmed
rCold   x . .        (no shield)
rNeg    + . .        a - +0 animal skin
rPois   ∞            (helmet currently unavailable)
rElec   .            (cloak currently unavailable)
rCorr   .            (gloves currently unavailable)
SInv    .            (boots unavailable)
Will    .....        (no amulet)
Stlth   +            h - +6 ring of intelligence
HPRegen 0.25/turn    p - ring of positive energy

%: infuse magic (-2 HP)
@: beast-form, flying
A: beast (slay +1), flying, sickness immunity, fire resistance 2, cold
vulnerability 1, float, innate caster, HP casting, extra vitality 1
a: Begin Untransformation


You were on level 3 of the Dungeon.
You were a hulking beast.
You visited 1 branch of the dungeon, and saw 4 of its levels.

You collected 160 gold pieces.

Inventory:

Missiles
 i - 2 poisoned darts (quivered)
 v - 2 silver javelins
Armour
 a - a +0 animal skin (worn)
 B - a +0 pair of gloves
Jewellery
 h - a +6 ring of intelligence (left hand)
 p - a ring of positive energy (right hand)
Talismans
 c - a beast talisman (active)
 d - a flux talisman
Scrolls
 e - a scroll of vulnerability {unknown}
 f - a scroll of amnesia {unknown}
 j - 4 scrolls of identify {unknown}
 l - a scroll of enchant weapon {unknown}
 n - a scroll of immolation {unknown}
 q - 2 scrolls of fear {unknown}
 r - 2 scrolls of poison {unknown}
 t - a scroll of revelation {unknown}
 u - a scroll of blinking {unknown}
 w - a scroll of torment {unknown}
 y - a scroll of fog {unknown}
Potions
 b - a potion of lignification
 g - a potion of cancellation {unknown}
 k - a potion of mutation {unknown}
 m - a potion of ambrosia {unknown}
 o - a potion of might {unknown}
 s - 3 potions of attraction {unknown}
 x - 4 potions of curing {unknown}
 z - a potion of invisibility {unknown}
 A - a potion of heal wounds {unknown}


   Skills:
 - Level 2.2 Fighting
 - Level 2.1 Dodging
 - Level 3.3 Unarmed Combat
 * Level 1.9 Spellcasting
 * Level 1.9 Conjurations
 * Level 1.9 Hexes
   Level 0.0 Charms
 * Level 1.9 Summonings
 * Level 1.9 Necromancy
 * Level 1.9 Translocations
   Level 0.0 Transmutations
 * Level 1.9 Fire Magic
 * Level 1.9 Ice Magic
 * Level 1.9 Air Magic
 * Level 1.9 Earth Magic
 * Level 1.9 Alchemy
 - Level 3.0 Shapeshifting


You knew the following spells:

 Your Spells              Type           Power      Damage    Failure   Level
a - Freeze                Ice            32%        1d5       9%          1
Your spell library was empty.

Dungeon Overview and Level Annotations

Branches:
Dungeon (4/15)
 Temple: D:4-7

Altars:

Shops:
D:1 :


Innate Abilities, Weirdness & Mutations

You are a hulking beast.
Your limbs bulge with bestial killing power. (Slay +1)
You are flying.
You are immune to sickness and miasma.
You are immune to poison.
Your flesh is very heat resistant. (rF++)
You are vulnerable to cold. (rC-)
You float through the air rather than walking.
You learn spells naturally, not from books.
Your magical power is your life essence.
You have superior vitality. (+4 MHP)


Message History

You hear a shout!
The orc hits you but does no damage. The hobgoblin hits you.
You hear a shout!
You barely miss the orc. The hobgoblin barely misses you.
The orc barely misses you.
A goblin comes into view. It is wielding a +0 dagger.
You hit the orc but do no damage. The hobgoblin barely misses you.
The orc hits you with a +0 flail! The orc hits you with a +0 flail.
The hobgoblin misses you.
You fly upwards.
There is a stone staircase leading down here.
Casting: Freeze (safe; 9% risk of failure)
Confirm with . or Enter, or press ? or * to list all spells.
Aiming: Freeze (safe; 9% risk of failure)
Press: ? - help, Shift-Dir - straight line, f - orc
Aim: an orc, wielding a +0 flail and wearing a +2 ring mail of willpower You freeze the orc.
The orc is severely wounded.
The orc closely misses you.
The hobgoblin hits you but does no damage.
Casting: Freeze (safe; 9% risk of failure)
Confirm with . or Enter, or press ? or * to list all spells.
Aiming: Freeze (safe; 9% risk of failure)
Press: ? - help, Shift-Dir - straight line, f/p - orc
Aim: an orc, wielding a +0 flail and wearing a +2 ring mail of willpower (severely wounded)
You freeze the orc.
You kill the orc!
* * * LOW HITPOINT WARNING * * *
The hobgoblin hits you.
* * * LOW HITPOINT WARNING * * *
Casting: Freeze (safe; 9% risk of failure)
Confirm with . or Enter, or press ? or * to list all spells.
Aiming: Freeze (safe; 9% risk of failure)
Press: ? - help, Shift-Dir - straight line, f - hobgoblin
Aim: a hobgoblin You freeze the hobgoblin.
The hobgoblin is moderately wounded.
* * * LOW HITPOINT WARNING * * *
The hobgoblin hits you.
You die...

#............#.#.###≈≈≈≈≈#.#.#.
#.~~~~~.~~~~...#.##'######.#.#.
#.≈≈≈≈~.~≈≈≈.###.##..# ###.#.
#.~≈≈≈~.≈≈≈~.# #.###.# #...
#.~~≈≈~.≈≈≈~.# #.# #.# ###.
#.......~~~~.# #.# #.# #.
#.~~≈~.......###.# #.# ##
#.~≈≈~.~~~≈[.)##.# #.#
#.~≈≈~.~~≈≈~.#h#.###.#####
##.~≈≈≈.≈≈≈~~.g##.<.......#
#..~~~~.~~≈~~..######.....#
#...........)..# #######..#
#......###..##.###...###..#
######.........##.....##..#
#########.#.......#..#
#.#..........######
#.#................


You could see a hobgoblin.

Vanquished Creatures
  4 adders
  A dart slug (D:3)
  3 ribbon worms (D:3)
  An orc (D:3)
  8 ball pythons
  3 endoplasms (D:1)
  2 giant cockroaches
  A hobgoblin (D:1)
  4 quokkas
  7 bats
  4 frilled lizards
  8 kobolds
  5 rats
51 creatures vanquished.

Notes
Turn   | Place    | Note
-------+----------+-------------------------------------------
     0 | D:1      | Rennog the Djinni Shapeshifter began the quest for the Orb.
     0 | D:1      | Reached XP level 1. HP: 17/17 MP: 0/0
   242 | D:1      | Reached XP level 2. HP: 22/22 MP: 0/0
   346 | D:1      | Found Rocirew's Book Shop.
   719 | D:2      | Reached XP level 3. HP: 28/28 MP: 0/0
   719 | D:2      | Learned a level 1 spell: Freeze
  1561 | D:3      | Reached skill level 1 in Spellcasting
  1561 | D:3      | Reached skill level 1 in Conjurations
  1561 | D:3      | Reached skill level 1 in Hexes
  1561 | D:3      | Reached skill level 1 in Summonings
  1561 | D:3      | Reached skill level 1 in Necromancy
  1561 | D:3      | Reached skill level 1 in Translocations
  1561 | D:3      | Reached skill level 1 in Fire Magic
  1561 | D:3      | Reached skill level 1 in Ice Magic
  1561 | D:3      | Reached skill level 1 in Air Magic
  1561 | D:3      | Reached skill level 1 in Earth Magic
  1561 | D:3      | Reached skill level 1 in Alchemy
  1561 | D:3      | Reached XP level 4. HP: 28/33 MP: 0/0
  2378 | D:4      | Noticed an ice beast
  2415 | D:3      | Slain by a hobgoblin

Illustrated notes

Levels and vault maps discovered:
D:1:      roadster_arrival_rocket_large, layout_basic, serial_shops,
          nicolae_shop_waterfront, roderic_cross_of_infinity
D:2:      layout_loops_cross
D:3:      layout_loops_ring, serial_rivers, chequers_serial_rivers_marsh,
          chequers_serial_rivers_micro_e, chequers_serial_rivers_room_a,
          chequers_serial_rivers_small_a, chequers_serial_rivers_micro_a,
          minivault_14
D:4:      dreamdust_elfheim, layout_basic,
          nicolae_gozag_cash_rules_everything_around_me, temple_statues,
          minmay_joined_circles

Skill      XL: |  1  2  3 |
---------------+----------+-----
Shapeshifting  | 3 |  3.0
Fighting       | 2 |  2.2
Spellcasting   | 1 |  1.9
Conjurations   | 1 |  1.9
Hexes          | 1 |  1.9
Summonings     | 1 |  1.9
Necromancy     | 1 |  1.9
Translocations | 1 |  1.9
Fire Magic     | 1 |  1.9
Ice Magic      | 1 |  1.9
Air Magic      | 1 |  1.9
Earth Magic    | 1 |  1.9
Alchemy        | 1 |  1.9
Dodging        | |  2.1
Unarmed Combat | |  3.3

Action                     |  1- 3 |  4- 6 || total
---------------------------+-------+-------++-------
  Melee: Unarmed           |   100 |    59 ||   159
         Punch             |     1 |     1 ||     2
   Cast: Freeze            |     5 |     3 ||     8
   Stab: Sleeping          |     4 |     1 ||     5
 Armour: Animal skin       |    59 |    27 ||    86
  Dodge: Dodged            |    72 |    42 ||   114

Table legend: (Time is in decaauts)
 A = Elapsed time spent in this place.
 B = Non-inter-level travel time spent in this place.
 C = Inter-level travel time spent in this place.
 D = Time resting spent in this place.
 E = Time spent auto-exploring this place.
 F = Levels seen in this place.
 G = Mean time per level.
                   A        B        C        D        E       F      G
               +--------+--------+--------+--------+--------+-----+--------+
         Total |   2404 |   2267 |    137 |      0 |   1881 |   4 |  601.0 |
       Dungeon |   2404 |   2267 |    137 |      0 |   1881 |   4 |  601.0 |
               +--------+--------+--------+--------+--------+-----+--------+

Top non-repeatable levels by time:
     D:3: 910 daAuts
     D:2: 774 daAuts
     D:1: 705 daAuts
     D:4: 14 daAuts
